 Dungeon Crawl Stone Soup version 0.30-a0-738-g116ff8c4af (webtiles) character file.

Game seed: 7323241381104538572

105 voltaire321 the Sneak (level 4, -1/30 HPs)
             Began as an Octopode Brigand on Feb 3, 2023.
             Frozen to death by an endoplasm (4 damage)
             ... on level 3 of the Dungeon.
             The game lasted 00:05:06 (1980 turns).

voltaire321 the Sneak (Octopode Brigand)            Turns: 1980, Time: 00:05:07

Health: -1/30      AC:  1    Str: 10    XL:     4   Next: 81%
Magic:  4/4        EV: 14    Int: 13    God:
Gold:   178        SH:  0    Dex: 21    Spells: 4/4 levels left

rFire   . . .      SeeInvis .    j - +2 dagger (venom)
rCold   . . .      Faith    .    (no shield)
rNeg    . . .      Spirit   .    (helmet restricted)
rPois   .          Reflect  .    (no amulet)
rElec   .          Harm     .    l - +6 ring of dexterity
rCorr   .          Rampage  .    o - ring of wizardry
Will    .....                    (no ring)
Stlth   +++++                    (no ring)
HPRegen 0.25/turn                (no ring)
MPRegen 0.09/turn                (no ring)
                                 (no ring)
                                 (no ring)

@: lethally poisoned (-1 -> -9)
A: almost no armour, amphibious, 8 rings, camouflage 1, gelatinous body 1,
(nimble swimmer 1), tentacles
a: no special abilities


You were on level 3 of the Dungeon.
You visited 1 branch of the dungeon, and saw 3 of its levels.

You collected 178 gold pieces.

Inventory:

Hand Weapons
 a - a +2 dagger
 j - a +2 dagger of venom (weapon)
Missiles
 b - 9 poisoned darts (quivered)
 c - 3 curare-tipped darts
Jewellery
 l - a +6 ring of dexterity (left tentacle)
 o - a ring of wizardry (right tentacle)
 s - a ring of willpower
Scrolls
 d - 2 scrolls of teleportation {unknown}
 e - 5 scrolls of identify {unknown}
 h - a scroll of fog {unknown}
 m - a scroll of blinking {unknown}
 n - 2 scrolls of enchant weapon {unknown}
Potions
 f - a potion of berserk rage {unknown}
 g - 3 potions of lignification {unknown}
 i - 3 potions of curing {unknown}
 k - 2 potions of attraction {unknown}
 p - a potion of haste {unknown}
 q - 2 potions of degeneration {unknown}
 r - a potion of cancellation {unknown}


   Skills:
 + Level 2.7 Fighting
 + Level 2.8 Short Blades
 + Level 2.6 Throwing
 + Level 2.0 Dodging
 + Level 6.0 Stealth
 + Level 0.5 Spellcasting


You had 4 spell levels left.
You didn't know any spells.
Your spell library contained the following spells:

 Spells                   Type           Power      Damage    Failure   Level
 Apportation              Tloc           0%         N/A       12%         1
 Necrotise                Necr           0%         1d4       12%         1
 Summon Small Mammal      Summ           0%         N/A       12%         1


Dungeon Overview and Level Annotations

Branches:
Dungeon (3/15)

Altars:
Elyvilon

Annotations:
D:2 1 runed translucent door, Crazy Yiuf


Innate Abilities, Weirdness & Mutations

You cannot wear most types of armour.
You are amphibious.
You can wear up to eight rings at the same time.
Your skin changes colour to match your surroundings (Stealth+).
Your rubbery body absorbs attacks. (AC +1, EV +1)
((You are camouflaged when in or above water. (Stealth+)))
You have tentacles for arms and can constrict up to eight enemies at once.


Message History

The helpless orc fails to defend itself.
You impale the orc!!
You kill the orc!
You open the door.
A water moccasin and an endoplasm come into view.
There is an open door here.
The water moccasin hisses angrily.
The endoplasm quivers.
The water moccasin barely misses you.
The endoplasm jiggles.
The water moccasin bites you.
You are poisoned.
The water moccasin poisons you!
You hit the water moccasin. Your grab misses the water moccasin.
Your squeeze misses the water moccasin.
The water moccasin is lightly wounded.
You feel very sick. The water moccasin bites you.
You closely miss the water moccasin. Your grab misses the water moccasin.
The water moccasin is lightly wounded.
You feel very sick. The water moccasin bites you!
* * * LOW HITPOINT WARNING * * *
The endoplasm closely misses you.
You barely miss the water moccasin. You grab the water moccasin.
Your squeeze misses the water moccasin.
The water moccasin is lightly wounded.
You constrict the water moccasin, but do no damage.
* * * LOW HITPOINT WARNING * * *
You feel sick. The water moccasin bites you.
* * * LOW HITPOINT WARNING * * *
You hit the water moccasin.
The water moccasin is poisoned.
You tentacle-slap the water moccasin, but do no damage.
The water moccasin is lightly wounded.
You constrict the water moccasin.
* * * LOW HITPOINT WARNING * * *
You feel sick. The water moccasin barely misses you. The endoplasm freezes you.
You are frozen.
You die...

#...........# #########...#
############......###
..............#####
################..#
#.)####..'$.# ### ####
#........#..# ..# ...#
#........#..## #####.# ...#
#..#'##..#@..# ...#.# ...#
####..####SJ.#######.#.####
#########8..#
+..##.............
###.......##
#..##.#.......##..
##.).......#
#...#.#..(....##..
...######8..#
#...#.#.......##.. ..##
##..# ###+#.#...>...##).
..## #+## #.......#.....
...# #.#.####...##.


You could see a water moccasin (very poisoned) and an endoplasm.

Vanquished Creatures
  3 adders
  2 worms
  3 dart slugs (D:1)
  An orc (D:3)
  7 bats
  4 endoplasms (D:1)
  3 giant cockroaches
  7 goblins
  5 hobgoblins
  2 jackals (D:1)
  5 quokkas
  8 ball pythons
  4 frilled lizards
  7 kobolds
  4 rats (D:1)
65 creatures vanquished.

Notes
Turn   | Place    | Note
-------+----------+-------------------------------------------
     0 | D:1      | voltaire321 the Octopode Brigand began the quest for the
                  | Orb.
     0 | D:1      | Reached XP level 1. HP: 14/14 MP: 1/1
    80 | D:1      | Reached XP level 2. HP: 19/19 MP: 2/2
   228 | D:1      | Reached XP level 3. HP: 21/24 MP: 3/3
   480 | D:1      | Found a faded altar of an unknown god.
   994 | D:2      | Reached XP level 4. HP: 30/30 MP: 4/4
  1053 | D:2      | Found a white marble altar of Elyvilon.
  1339 | D:2      | Found a runed translucent door.
  1340 | D:2      | Noticed Crazy Yiuf
  1945 | D:3      | Reached skill level 6 in Stealth
  1973 | D:3      | Noticed a water moccasin
  1980 | D:3      | Frozen to death by an endoplasm

Illustrated notes

Levels and vault maps discovered:
D:1:      roderic_octagonal_star, layout_rooms,
          dreamdust_ecumenical_altar_statues
D:2:      layout_basic, basic_altar, uniq_crazy_yiuf_cottage
D:3:      minmay_chambers_of_twos, layout_basic, saegor_snake_ambush

Skill      XL: |  1  2  3  4 |
---------------+-------------+-----
Dodging        | 2 |  2.0
Stealth        | 6 |  6.0
Fighting       | |  2.7
Short Blades   | |  2.8
Throwing       | |  2.6
Spellcasting   | |  0.5

Action                     |  1- 3 |  4- 6 || total
---------------------------+-------+-------++-------
  Melee: Dagger            |    60 |    43 ||   103
         Tentacles         |    19 |     4 ||    23
         Constrict         |    14 |    11 ||    25
         Punch             |       |     1 ||     1
  Throw: Dart              |       |     4 ||     4
   Stab: Sleeping          |    14 |    13 ||    27
         Distracted        |     1 |       ||     1
 Armour: Skin              |     3 |       ||     3
  Dodge: Dodged            |    36 |    15 ||    51

Table legend: (Time is in decaauts)
 A = Elapsed time spent in this place.
 B = Non-inter-level travel time spent in this place.
 C = Inter-level travel time spent in this place.
 D = Time resting spent in this place.
 E = Time spent auto-exploring this place.
 F = Levels seen in this place.
 G = Mean time per level.
                   A        B        C        D        E       F      G
               +--------+--------+--------+--------+--------+-----+--------+
         Total |   1964 |   1938 |     26 |    152 |   1289 |   3 |  654.7 |
       Dungeon |   1964 |   1938 |     26 |    152 |   1289 |   3 |  654.7 |
               +--------+--------+--------+--------+--------+-----+--------+

Top non-repeatable levels by time:
     D:2: 840 daAuts
     D:1: 747 daAuts
     D:3: 377 daAuts
